 Dungeon Crawl Stone Soup version 0.32-a0-841-g4648e6c457 (webtiles) character file.

Game seed: 14471064092702878939

17566 Aldia the Toxicologist (level 12, 0/87 HPs)
             Began as an Octopode Alchemist on Mar 26, 2024.
             Was an Initiate of Gozag.
             Killed from afar by a kobold blastminer (29 damage)
             ... with an iron shot
             ... on level 2 of the Orcish Mines.
             The game lasted 00:23:35 (13772 turns).

Aldia the Toxicologist (Octopode Alchemist)        Turns: 13772, Time: 00:23:35

Health: 0/87       AC:  1    Str:  7    XL:     12   Next: 49%
Magic:  14/25      EV: 21    Int: 26    God:    Gozag
Gold:   1924       SH:  0    Dex: 13    Spells: 10/30 levels left

rFire   . . .        u - +5 short sword of Mourning {flame, Fly Int+4}
rCold   x . .        (no shield)
rNeg    . . .        (helmet restricted)
rPois   +            N - amulet of magic regeneration
rElec   .            e - +5 ring of evasion
rCorr   .            n - +5 ring of evasion
SInv    +            H - ring "Naepal" {rPois rC- Slay+6 SInv}
Will    .....        (no ring)
Stlth   +++          (no ring)
HPRegen 0.34/turn    (no ring)
MPRegen 0.59/turn    (no ring)
                     (no ring)

%: no passive effects
@: vertiginous, flying
A: almost no armour, amphibious, 8 rings, camouflage 1, gelatinous body 1,
(nimble swimmer 1), tentacles
a: Renounce Religion, Potion Petition, Call Merchant, Bribe Branch


You were on level 2 of the Orcish Mines.
You worshipped Gozag.
Gozag was most pleased with you.
You visited 4 branches of the dungeon, and saw 16 of its levels.

You collected 2466 gold pieces.
You spent 420 gold pieces at shops.
You paid 122 gold pieces to Gozag.

Inventory:

Hand Weapons
 s - the +7 dagger of Ignis's Grace {freeze, rN+ Will+}
   (You took it off a hobgoblin on level 2 of the Dungeon)

   rN+:       It protects you from negative energy.
   Will+:     It increases your willpower.
 u - the +5 short sword of Mourning (weapon) {flame, Fly Int+4}
   (You found it on level 3 of the Dungeon)

   Int+4:     It affects your intelligence (+4).
   Fly:       It grants you flight.
Missiles
 E - 4 curare-tipped darts
 K - a throwing net
Magical Staves
 p - a staff of air
Jewellery
 e - a +5 ring of evasion (left tentacle)
 l - a ring of fire
 n - a +5 ring of evasion (right tentacle)
 H - the ring "Naepal" (on tentacle) {rPois rC- Slay+6 SInv}
   (You took it off a wight on level 8 of the Dungeon)

   [ring of poison resistance]

   Slay+6:    It affects your accuracy & damage with ranged weapons and melee
   (+6).
   rC-:       It makes you vulnerable to cold.
   rPois:     It protects you from poison.
   SInv:      It lets you see invisible.
 N - an amulet of magic regeneration (around mantle)
Talismans
 w - a talisman of death
 F - a serpent talisman
Wands
 t - a wand of polymorph (2)
 v - a wand of flame (29)
 z - a wand of charming (6)
 C - a wand of roots (13)
 D - a wand of light (7)
Scrolls
 b - a scroll of silence
 c - a scroll of revelation
 d - a scroll of fear {unknown}
 f - a scroll of poison
 i - 2 scrolls of fog
 j - a scroll of vulnerability
 m - a scroll of noise
 y - a scroll of enchant armour
 A - 5 scrolls of teleportation
 I - a scroll of immolation {unknown}
Potions
 a - a potion of magic
 g - 2 potions of enlightenment
 h - 2 potions of brilliance
 k - a potion of lignification
 o - 2 potions of haste
 q - 2 potions of mutation
 r - 7 potions of curing
 x - 2 potions of berserk rage
 B - 2 potions of invisibility
 G - 2 potions of cancellation
 J - a potion of heal wounds
 L - a potion of might {unknown}
 M - a potion of resistance {unknown}


   Skills:
 + Level 9.9 Fighting
 + Level 9.8 Dodging
 - Level 3.0 Stealth
 + Level 9.7 Spellcasting
 - Level 2.0 Conjurations
 - Level 6.0 Fire Magic
 - Level 2.0 Air Magic
 - Level 10.0 Alchemy


You had 10 spell levels left.
You knew the following spells:

 Your Spells              Type           Power      Damage    Failure   Level
a - Sting                 Conj/Alch      100%       1d9       1%          1
b - Mercury Vapours       Alch/Air       86%        N/A       2%          2
c - Mephitic Cloud        Conj/Alch/Air  36%        N/A       5%          3
d - Olgreb's Toxic Radia  Alch           59%        N/A       3%          4
e - Sticky Flame          Fire/Alch      53%        2d9       5%          4
f - Apportation           Tloc           24%        N/A       11%         1
g - Alistair's Intoxicat  Alch           39%        N/A       6%          5

Your spell library contained the following spells:

 Spells                   Type           Power      Damage    Failure   Level
 Shock                    Conj/Air       92%        1d8       5%          1
 Necrotise                Necr           48%        1d6       11%         1
 Summon Small Mammal      Summ           48%        N/A       11%         1
 Swiftness                Air            23%        N/A       13%         3
 Jinxbite                 Hex            24%        N/A       14%         2
 Call Canine Familiar     Summ           12%        N/A       26%         3
 Fugue of the Fallen      Necr           12%        N/A       26%         3
 Ozocubu's Armour         Ice            12%        N/A       26%         3
 Sigil of Binding         Hex            12%        N/A       26%         3
 Airstrike                Air            11%        2d(2-18)  34%         4
 Dimensional Bullseye     Hex/Tloc       6%         N/A       58%         4
 Manifold Assault         Tloc           12%        N/A       58%         4


Dungeon Overview and Level Annotations

Branches:
Dungeon (12/15)            Temple (1/1) D:7            Lair (1/5) D:9
    Orc (2/2) D:12            Elf (0/3) Orc:2

Altars:
Ashenzari
Cheibriados
Dithmenos
Elyvilon
Fedhas
Gozag
Hepliaklqana
Kikubaaqudgha
Makhleb
Nemelex Xobeh
Okawaru
Qazlal
Ru
Sif Muna
Trog
Uskayaw
Vehumet
Wu Jian
Xom
Yredelemnul
Zin
The Shining One
Beogh

Shops:
D:4 [*


Innate Abilities, Weirdness & Mutations

You cannot wear most types of armour.
You are amphibious.
You can wear up to eight rings at the same time.
Your skin changes colour to match your surroundings (Stealth+).
Your rubbery body absorbs attacks. (AC +1, EV +1)
((You are camouflaged when in or above water. (Stealth+)))
You have tentacles for arms and can constrict up to eight enemies at once.


Message History

You attempt to intoxicate your foes!
The orc knight looks rather confused.
The kobold blastminer looks rather confused.
The orc sorcerer looks rather confused.
The world spins around you!
The orc knight looks even sicker.
The orc sorcerer is poisoned.
The kobold blastminer looks even sicker. x2
The orc warrior misses you.
The orc knight shouts, "What's happening?!"
The orc knight completely misses you.
The orc knight hits itself with a +0 great sword!
The kobold blastminer unwields a +0 arbalest.
The kobold blastminer closely misses the orc warrior.
The kobold blastminer hits itself!
Unknown command.
Unknown command.
You catch the helpless orc knight completely off-guard!
You hit the orc knight. You burn the orc knight. You grab the orc knight.
The orc knight is heavily wounded.
Your toxic aura wanes.
You constrict the orc knight. The orc warrior closely misses you.
Unknown command.
Unknown command.
You hit the orc knight but do no damage.
The orc knight is heavily wounded.
You constrict the orc knight. The orc warrior misses you.
The orc knight completely misses you.
The kobold blastminer shoots a bolt.
The bolt hits you!
Unknown command.
Unknown command.
You completely miss the orc warrior. You grab the orc warrior.
You squeeze the orc warrior.
The orc warrior is severely wounded.
You constrict the orc knight, but do no damage.
You constrict the orc warrior. The orc warrior misses you.
The orc sorcerer laughs crazily.
The orc knight hits you with a +0 great sword!!
The kobold blastminer blasts its cannon at you.
The iron shot hits you!!
You die...
Your body crumbles into a pile of gold.

,,,**,,,,,,,,,,,,,,,,,,,,,,,,,,,,
******,*.$..............,,,,,,,,,
,* **,,,................,,,,,,,,*
** *,,,.................,,,,,,,,*
****,,.....$............,,,,,,,,,
*,,,,,.............o....,,,,,*,,,
,,,,,,.....#............,,,,,,,,,
,,,,,,....#.......#.....,,,,,,,,,
,,,,,ß.P........@o......,,,,,,,,,
,,,,,,......$..o$.......,,,,,,,,,
,,,∩,,.....$...K........,,,,,,,,,
,,,,,,.oP...$K........#.,,,,,,*,*
,,,,,,...$...$..........,,,,,,,,,
,,,,,,.............o....,,,,,,,,,
,,,,,,...$..............,,,,,,,,,
,,,,,,..................,,,,,,,,,
,,,,,,..................,,,,*,,,,


You could see an orc knight (confused, very poisoned), 2 kobold blastminers, 2
orc sorcerers and an orc warrior (strong, very poisoned).

Vanquished Creatures
  An orc warlord (Orc:1)
  An ogre mage (Orc:1)
  4 two-headed ogres
  An orc sorcerer (Orc:2)
  Pikel (D:8)
  A cyclops (D:12)
  Maurice (D:10)
  A kobold blastminer (Orc:1)
  2 komodo dragons (D:9)
  An unseen horror (D:10)
  Psyche (D:9)
  2 trolls
  Prince Ribbit (D:8)
  Grinder (D:4)
  20 yaks
  3 wyverns
  A vampire (D:12)
  A wraith (D:10)
  2 steam dragons
  A warg (Orc:1)
  2 basilisks (D:9)
  8 vampire mosquitoes (D:12)
  2 acid dragons
  2 water moccasins
  A black bear (D:5)
  16 orc warriors
  2 ogres
  2 centaurs
  A phantom (D:7)
  A lemure (D:8)
  3 kobold brigands
  A gnoll sergeant (D:11)
  5 bullfrogs
  8 scorpions
  5 wights
  2 killer bees (D:10)
  2 howler monkeys
  2 hounds
  3 jellies
  4 orc priests
  A bombardier beetle (D:5)
  Terence (D:3)
  4 orc wizards
  2 sleepcaps
  2 iguanas (D:7)
  8 gnolls
  7 adders
  3 shadow imps
  4 ufetubi
  4 ribbon worms
  4 dart slugs
  46 orcs
  7 ball pythons
  6 endoplasms
  4 giant cockroaches
  5 goblins
  6 hobgoblins
  4 jackals (D:4)
  5 quokkas
  8 bats
  13 kobolds
  3 rats
266 creatures vanquished.

Vanquished Creatures (others)
  A centaur (D:9)
1 creature vanquished.

Grand Total: 267 creatures vanquished

Notes
Turn   | Place    | Note
-------+----------+-------------------------------------------
     0 | D:1      | Aldia the Octopode Alchemist began the quest for the Orb.
     0 | D:1      | Reached XP level 1. HP: 11/11 MP: 3/3
   215 | D:1      | Reached XP level 2. HP: 10/17 MP: 0/5
   218 | D:1      | Learned a level 2 spell: Mercury Vapours
  1035 | D:2      | Reached skill level 4 in Alchemy
  1035 | D:2      | Reached XP level 3. HP: 22/22 MP: 6/6
  1039 | D:2      | Learned a level 3 spell: Mephitic Cloud
  1352 | D:2      | Reached skill level 1 in Fighting
  1453 | D:2      | Identified the +7 dagger of Ignis's Grace {freeze, rN+
                  | Will+}
  1457 | D:2      | Reached skill level 1 in Air Magic
  1507 | D:2      | Reached XP level 4. HP: 20/28 MP: 3/7
  1944 | D:3      | Noticed Terence
  1952 | D:3      | Killed Terence
  2230 | D:3      | Found a basalt altar of Yredelemnul.
  2255 | D:3      | Reached XP level 5. HP: 33/33 MP: 9/9
  2627 | D:3      | Identified the +5 short sword of Mourning {flame, Fly
                  | Int+4}
  2734 | D:4      | Found Xotoecku's Neck Hole.
  2803 | D:4      | Found Ciock's Antique Armour Boutique.
  2818 | D:4      | You are sucked into a shaft and drop 3 floors!
  2825 | D:7      | Noticed a kobold brigand
  2871 | D:7      | Noticed a centaur
  2971 | D:6      | Found a glowing silver altar of Zin.
  2975 | D:6      | Found a burning altar of Makhleb.
  2981 | D:6      | Found a snail-covered altar of Cheibriados.
  2981 | D:6      | Found an ornate altar of the Wu Jian Council.
  2985 | D:6      | Found a blossoming altar of Fedhas.
  2986 | D:6      | Found an iron altar of Okawaru.
  3263 | D:7      | Noticed a phantom
  3270 | D:7      | Killed a phantom
  3271 | D:7      | Reached XP level 6. HP: 39/39 MP: 10/10
  3276 | D:7      | Learned a level 4 spell: Olgreb's Toxic Radiance
  3418 | D:7      | Reached skill level 5 in Alchemy
  3638 | D:5      | Entered Level 5 of the Dungeon
  3786 | D:4      | Reached XP level 7. HP: 45/45 MP: 12/12
  3816 | D:4      | Reached skill level 6 in Alchemy
  3918 | D:4      | Found an opulent altar of Gozag.
  3937 | D:4      | Became a worshipper of Gozag Ym Sagoz the Greedy
  3993 | D:4      | Noticed Grinder
  4004 | D:4      | Killed Grinder
  4010 | D:4      | Learned a level 4 spell: Sticky Flame
  4135 | D:4      | Found a shimmering blue altar of Sif Muna.
  4256 | D:5      | Reached XP level 8. HP: 41/53 MP: 14/14
  4310 | D:5      | Reached skill level 1 in Fire Magic
  4310 | D:5      | Reached skill level 7 in Alchemy
  5616 | D:6      | Reached skill level 5 in Spellcasting
  5616 | D:6      | Reached skill level 8 in Alchemy
  6034 | D:7      | Learned a level 1 spell: Apportation
  6099 | D:7      | Reached XP level 9. HP: 54/58 MP: 7/16
  6200 | D:7      | Found a staircase to the Ecumenical Temple.
  6235 | Temple   | Entered the Ecumenical Temple
  7330 | D:8      | Noticed Prince Ribbit
  7330 | D:8      | Identified the ring "Naepal" {rPois rC- Slay+6 SInv}
  7340 | D:8      | Reached skill level 5 in Fire Magic
  7351 | D:8      | Reached skill level 5 in Fighting
  7523 | D:8      | Killed Prince Ribbit
  7524 | D:8      | Reached skill level 5 in Dodging
  7892 | D:8      | Noticed Pikel
  7898 | D:8      | Killed Pikel
  7899 | D:8      | Reached XP level 10. HP: 58/68 MP: 1/19
  8550 | D:9      | Found a staircase to the Lair.
  8800 | D:9      | Reached skill level 9 in Alchemy
  9160 | D:9      | Noticed Psyche
  9170 | D:9      | Killed Psyche
  9581 | D:10     | Entered Level 10 of the Dungeon
  9589 | D:10     | Noticed Maurice
  9595 | D:10     | Killed Maurice
  9693 | D:10     | Noticed an unseen horror
  9702 | D:10     | Killed an unseen horror
  9703 | D:10     | Reached XP level 11. HP: 67/75 MP: 14/22
 10207 | D:10     | Noticed a two-headed ogre
 10214 | D:10     | Killed a two-headed ogre
 10412 | D:10     | Learned a level 5 spell: Alistair's Intoxication
 12013 | Lair:1   | Entered Level 1 of the Lair of Beasts
 12382 | D:12     | Reached skill level 10 in Alchemy
 12560 | D:12     | Noticed a cyclops
 12561 | D:12     | Found a roughly hewn altar of Beogh.
 12566 | D:12     | Killed a cyclops
 12590 | D:12     | Reached XP level 12. HP: 68/84 MP: 3/24
 12603 | D:12     | Found a staircase to the Orcish Mines.
 12748 | D:4      | Bought an amulet of magic regeneration for 420 gold pieces
 12949 | Orc:1    | Entered Level 1 of the Orcish Mines
 13357 | Orc:2    | Entered Level 2 of the Orcish Mines
 13360 | Orc:2    | Noticed a two-headed ogre
 13362 | Orc:2    | Noticed a two-headed ogre
 13363 | Orc:2    | Noticed an ogre mage
 13365 | Orc:2    | Noticed a two-headed ogre
 13367 | Orc:2    | Killed a two-headed ogre
 13375 | Orc:2    | Killed a two-headed ogre
 13381 | Orc:1    | Killed a two-headed ogre
 13470 | Orc:2    | Noticed an orc warlord
 13476 | Orc:1    | Killed an ogre mage
 13532 | Orc:1    | Killed an orc warlord
 13772 | Orc:2    | Killed from afar by a kobold blastminer

Illustrated notes

Levels and vault maps discovered:
D:1:      wander_arrival_lonely_grave, layout_loops_ring, minmay_small_reverse_x
D:2:      layout_loops_ring, st_stairs_12, reono_crystal_passage
D:3:      layout_loops_ring, mainiacjoe_overflow_alcove_1, uniq_terence
D:4:      layout_rooms, nicolae_gozag_cash_rules_everything_around_me,
          nicolae_sif_muna_little_library, serial_shops, shop,
          minmay_misc_feat_room, nicolae_shop_sticking_my_neck_out, uniq_grinder
D:5:      old_forge, layout_loops_cross, nrook_uturn
D:6:      layout_basic, minitemple, serial_curves, eino_curves_02,
          eino_curves_04, eino_curves_04, eino_curves_03
D:7:      layout_basic, minmay_temple_entry_antechambers, st_stairs_2
D:8:      layout_basic, uniq_pikel, uniq_prince_ribbit1
D:9:      layout_irregular_city, erik_lair_dragon, hangedman_decor_slide_cut,
          grunt_ministairs_13, uniq_psyche
D:10:     layout_loops_corners, st_stairs_13, kennysheep_generic_room_10,
          uniq_maurice
D:11:     layout_loops_ring
D:12:     minmay_octagon_keep, layout_basic, david_orc_5, kennysheep_dice
Temple:   nicolae_temple_god_jail
Lair:1:   layout_cave_shapes, minmay_hedge_maze, ldierk_geyser, st_stairs_8
Orc:1:    layout_caves, serial_shops, nicolae_shop_tiny_real_fake_doors,
          nicolae_orc_tapped_out
Orc:2:    grunt_orc_gardens, layout_caves, grunt_orc_garden, grunt_orc_garden,
          grunt_orc_garden, grunt_orc_garden, lightli_volcano_entry_magma_tube

Skill      XL: |  1  2  3  4  5  6  7  8  9 10 11 12 |
---------------+-------------------------------------+-----
Stealth        | 3 |  3.0
Alchemy        | 4 5 6 8 9 10 | 10.0
Fighting       | 1 2 3 5 7 8 9 |  9.9
Air Magic      | 1 2 |  2.0
Conjurations   | 2 |  2.0
Spellcasting   | 3 4 5 6 7 8 9 |  9.7
Fire Magic     | 3 5 6 |  6.0
Dodging        | 3 5 7 8 9 |  9.8

Action                     |  1- 3 |  4- 6 |  7- 9 | 10-12 || total
---------------------------+-------+-------+-------+-------++-------
  Melee: Dagger            |    13 |    28 |       |       ||    41
         Tentacles         |     3 |    10 |    25 |    55 ||    93
         Constrict         |     4 |    11 |    28 |    25 ||    68
         Short sword       |       |    39 |    91 |   147 ||   277
   Cast: Sting             |    52 |    22 |    58 |    34 ||   166
         Mephitic Cloud    |       |     1 |     3 |     7 ||    11
         Olgreb's Toxic Ra |       |     1 |    12 |    35 ||    48
         Mercury Vapours   |       |       |     2 |     2 ||     4
         Sticky Flame      |       |       |     6 |    24 ||    30
         Alistair's Intoxi |       |       |       |     3 ||     3
    Use: Scroll            |     1 |     4 |    10 |     6 ||    21
         Potion            |       |       |       |     1 ||     1
   Stab: Sleeping          |     1 |    15 |     9 |     4 ||    29
         Confused          |       |     1 |       |     4 ||     5
         Distracted        |       |       |     1 |       ||     1
 Armour: Skin              |     9 |    19 |    43 |    69 ||   140
  Dodge: Dodged            |    19 |    42 |   124 |   195 ||   380

Table legend: (Time is in decaauts)
 A = Elapsed time spent in this place.
 B = Non-inter-level travel time spent in this place.
 C = Inter-level travel time spent in this place.
 D = Time resting spent in this place.
 E = Time spent auto-exploring this place.
 F = Levels seen in this place.
 G = Mean time per level.
                   A        B        C        D        E       F      G
               +--------+--------+--------+--------+--------+-----+--------+
         Total |  13787 |  12658 |   1129 |    589 |  10176 |  16 |  861.7 |
       Dungeon |  12958 |  11902 |   1056 |    301 |   9826 |  12 | 1079.8 |
        Temple |      1 |      1 |      0 |      0 |      0 |   1 |    1.0 |
          Lair |      1 |      1 |      0 |      0 |      0 |   1 |    1.0 |
  Orcish Mines |    825 |    752 |     73 |    288 |    350 |   2 |  412.5 |
               +--------+--------+--------+--------+--------+-----+--------+

Top non-repeatable levels by time:
    D:10: 1775 daAuts
     D:9: 1709 daAuts
     D:7: 1587 daAuts
     D:5: 1310 daAuts
     D:8: 1130 daAuts
     D:1: 1018 daAuts
     D:2: 883 daAuts
     D:6: 854 daAuts
     D:3: 818 daAuts
   Orc:1: 791 daAuts
    D:11: 692 daAuts
     D:4: 659 daAuts
    D:12: 519 daAuts
   Orc:2: 33 daAuts
  Temple: 1 daAuts
